 Dungeon Crawl Stone Soup version 0.31.0 (webtiles) character file.

Game seed: 8662770551976568043

2898964 p0werm0de the Hoplite (level 20, 202/202 HPs)
             Began as a Minotaur Fighter on Jan 19, 2024.
             Was a High Priest of Jiyva.
             Escaped with the Orb
             ... and 3 runes
             ... and 3 gems!
             The game lasted 00:27:52 (28240 turns).

p0werm0de the Hoplite (Minotaur Fighter)           Turns: 28240, Time: 00:27:53

Health: 202/202    AC: 50    Str: 26    XL:     20   Next: 84%
Magic:  6/6        EV: 21    Int:  7    God:    Jiyva [*****.]
Gold:   882        SH: 20    Dex: 18    Spells: 19/19 levels left

rFire   + + .        b - +2 broad axe (antimagic)
rCold   + + +        c - +1 kite shield {AC+3}
rNeg    + . .        J - +8 gold dragon scales
rPois   +            (helmet restricted)
rElec   .            K - +2 cloak
rCorr   +            C - +2 pair of gloves {Stlth+}
SInv    +            Q - +0 pair of boots "Beseud" {rF+}
Will    +....        D - amulet of Vitality {RegenMP++ Regen++} Stlth
                     M - ring of the Silly God {Fly rN+ EV+5 Slay+3 SInv}
HPRegen 3.57/turn    L - ring of the Octopus King {rC+ HP+2 AC+2 EV+2 SH+2}
MPRegen 1.62/turn

%: no passive effects
@: flying
A: horns 2, retaliatory headbutt, agile 2, clever 1, cold resistance 1, shaggy
fur 1, acidic bite, eyeballs 3, gelatinous body 3, translucent skin 1, jelly
sensing items, MP-powered wands, noise suppression
0: Orb of Zot
}: 3/15 runes: serpentine, slimy, abyssal
a: Renounce Religion, Oozemancy, Slimify


You escaped.
You worshipped Jiyva.
Jiyva was extremely pleased with you.
You visited 7 branches of the dungeon, and saw 40 of its levels.
You visited the Abyss 1 time.
You visited 1 bazaar.
You also visited: Bailey.

You collected 2724 gold pieces.
You spent 1842 gold pieces at shops.

Inventory:

Hand Weapons
 a - a +3 broad axe of chaos
   (You found it on level 4 of the Lair of Beasts)
 b - a +2 antimagic broad axe (weapon)
   (You took it off a spriggan berserker on level 1 of the Depths)
 l - a +1 whip of electrocution
   (You took it off a gnoll on level 7 of the Dungeon)
 t - a +3 broad axe
   (You found it on level 4 of the Realm of Zot)
 y - a +1 dagger of distortion
   (You took it off Psyche on level 10 of the Dungeon)
 I - a +3 broad axe
   (You took it off a hell knight on level 3 of the Depths)
Missiles
 u - 38 poisoned darts (quivered)
 N - 5 throwing nets
Armour
 c - a +1 kite shield of protection (worn)
   (You took it off a naga warrior on level 4 of the Snake Pit)
 v - a +2 crystal plate armour
   (You found it in a bailey)
 x - a +2 pair of boots of rampaging
   (You found it in a bailey)
 C - a +2 pair of gloves of stealth (worn)
   (You bought it in a shop on level 3 of the Dungeon)
 G - +2 gold dragon scales
   (You found it on level 3 of the Depths)
 J - +8 gold dragon scales (worn)
   (You took it off Parghit on level 4 of the Realm of Zot)
 K - a +2 cloak (worn)
   (You found it on level 2 of the Lair of Beasts)
 Q - the +0 pair of boots "Beseud" (worn) {rF+}
   (You bought it in a shop in a bazaar)

   rF+:       It protects you from fire.
 U - a +0 cloak of willpower
   (You took it off a draconian annihilator on level 5 of the Realm of Zot)
Jewellery
 f - a ring of protection from fire
   (You bought it in a shop in a bazaar)
 k - a ring of protection from cold
   (You took it off a red draconian on level 4 of the Depths)
 D - the amulet of Vitality (around neck) {RegenMP++ Regen++}
   (You found it in a bailey)

   [amulet of magic regeneration]

   RegenMP:   It increases your rate of magic regeneration.
   Regen++:   It increases your rate of health regeneration.
 L - a ring of the Octopus King (right hand) {rC+ HP+2 AC+2 EV+2 SH+2}
   (You found it on level 5 of the Lair of Beasts)

   [ring of protection from cold]

   AC+2:      It affects your AC (+2).
   EV+2:      It affects your evasion (+2).
   rC+:       It protects you from cold.
   HP+2:      It affects your health (+2).
   SH+2:      It affects your SH (+2).
 M - the ring of the Silly God (left hand) {Fly rN+ EV+5 Slay+3 SInv}
   (You found it on level 5 of the Pits of Slime)

   [ring of evasion]

   EV+5:      It affects your evasion (+5).
   Slay+3:    It affects your accuracy & damage with ranged weapons and melee
   (+3).
   rN+:       It protects you from negative energy.
   SInv:      It lets you see invisible.
   Fly:       It grants you flight.
 P - the ring of Oruyz {rC+ Str-4 Int+6 Dex+3}
   (You found it on level 1 of the Lair of Beasts)

   [ring of intelligence]

   Str-4:     It affects your strength (-4).
   Int+6:     It affects your intelligence (+6).
   Dex+3:     It affects your dexterity (+3).
   rC+:       It protects you from cold.
 S - the dreamshard necklace {Acrobat *Dream}
   (You found it on level 5 of the Pits of Slime)

   [amulet of the acrobat]

   *Dream:    It absorbs a single lethal wound into itself, holding its wearer
   just short of death and releasing dream-creatures to guard them.
   Acrobat:   It increases your evasion while moving and waiting.
Wands
 g - a wand of charming (10)
   (You took it off Psyche on level 10 of the Dungeon)
 A - a wand of acid (13)
   (You took it off Ijyb on level 5 of the Dungeon)
 H - a wand of roots (10)
   (You found it on level 10 of the Dungeon)
Scrolls
 i - 4 scrolls of poison
 p - 3 scrolls of noise
 r - 7 scrolls of identify
 s - a scroll of torment
 F - 5 scrolls of fog
 O - 2 scrolls of immolation
 R - 7 scrolls of vulnerability
 V - a scroll of revelation
Potions
 d - a potion of might
 e - 5 potions of enlightenment
 j - a potion of magic
 m - 2 potions of ambrosia
 n - 2 potions of resistance
 o - a potion of mutation
 q - 9 potions of curing
 w - 3 potions of heal wounds
 B - 2 potions of lignification
 E - 2 potions of attraction
 T - a potion of berserk rage


   Skills:
 * Level 21.8 Fighting
 * Level 21.6 Axes
 * Level 21.8 Armour
 + Level 9.1 Dodging
 * Level 21.8 Shields
 * Level 10.3 Evocations


You had 19 spell levels left.
You didn't know any spells.
Your spell library contained the following spells:

 Spells                   Type           Power      Damage    Failure   Level
 Freeze                   Ice            0%         1d3       99%         1
 Necrotise                Necr           0%         1d4       99%         1
 Sting                    Conj/Alch      0%         1d3       99%         1
 Mercury Vapours          Alch/Air       0%         N/A       100%        2
 Dazzling Flash           Conj/Hex       0%         N/A       100%        3
 Frozen Ramparts          Ice            0%         1d1       100%        3
 Fugue of the Fallen      Necr           0%         N/A       100%        3
 Hailstorm                Conj/Ice       0%         3d5       100%        3
 Vampiric Draining        Necr           0%         2d6       100%        3
 Volatile Blastmotes      Fire/Tloc      0%         2d10      100%        3
 Cause Fear               Hex            0%         N/A       100%        4
 Dispel Undead            Necr           0%         3d6       100%        4
 Ignite Poison            Fire/Alch      0%         N/A       100%        4
 Manifold Assault         Tloc           0%         N/A       100%        4
 Martyr's Knell           Necr/Summ      0%         N/A       100%        4
 Olgreb's Toxic Radiance  Alch           0%         N/A       100%        4
 Sticky Flame             Fire/Alch      0%         2d4       100%        4
 Curse of Agony           Necr           0%         N/A       100%        5
 Fireball                 Conj/Fire      0%         3d3       100%        5
 Dispersal                Tloc           0%         N/A       100%        6
 Starburst                Conj/Fire      0%         6d3       100%        6
 Disjunction              Tloc           0%         N/A       100%        8
 Ignition                 Fire           0%         3d3       100%        8
 Maxwell's Capacitive Co  Air            0%         ∞         100%        8
 Dragon's Call            Summ           0%         N/A       100%        9


Dungeon Overview and Level Annotations

Branches:
Dungeon (15/15)            Temple (0/1) D:6            Lair (5/5) D:10
  Swamp (0/4) Lair:2        Snake (4/4) Lair:2        Slime (5/5) Lair:5
    Orc (2/2) D:9             Elf (0/3) Orc:2        Vaults (0/5) D:13
 Depths (4/4) D:15            Zot (5/5) Depths:4     Bailey (visited)

Altars:
Cheibriados
Dithmenos
Gozag
Hepliaklqana
Okawaru
Qazlal
Ru
Sif Muna
Trog
Uskayaw
Wu Jian
The Shining One
Jiyva

Shops:
D:2 *   D:3 [   D:5 [:   D:15 !   Orc:2 [![(   Snake:2 :   Snake:4 ?

Portals:
Hell: Depths:1 Depths:2 Depths:3 Depths:4
Abyss: Depths:2 Depths:3
Pandemonium: Depths:2
Ziggurat: Depths:2

Annotations:
D:7 3 runed translucent doors, Ocagea Veru's ghost, novice VSEn
Snake:2 2 transporters
Slime:5 Royal Jelly
Orc:1 1 runed translucent door, Ciata's ghost, journeyman MiBe
Depths:4 3 runed translucent doors, exclusion: obsidian statue, p0werm0de's ghost, adept MiFi


Innate Abilities, Weirdness & Mutations

You have a pair of horns on your head.
You reflexively headbutt those who attack you in melee.
You are very agile. (Dex +8, Str/Int -2)
Your mind is acute. (Int +4, Str/Dex -1)
Your flesh is cold resistant. (rC+)
You are covered in fur. (AC +1)
You have acidic saliva.
Your body is covered in eyes which may confuse attackers. (Acc +7, SInv)
Your gelatinous body deflects attacks. (AC +3, EV +3)
Your translucent skin slightly reduces your foes' accuracy. (Stealth+)
You have a small jelly attached to you that senses nearby items.
You expend magic power (3 MP) to strengthen your wands.
You passively dampen the noise of your surroundings.


Message History

The deep elf blademaster disappears in a puff of smoke!
A deafening chorus of shrieks assaults your mind!
A starcursed mass splits. x3
You block the demonspawn warmonger's attack.
The eyeballs on your body gaze at the demonspawn warmonger.
The demonspawn warmonger claws you but does no damage.
The demonspawn warmonger misses you.
There is a stone staircase leading up here.
You fly upwards.
There is a stone staircase leading down here.
Unknown command.
No target in view!
No target in view!
No target in view!
No target in view!
No target in view!
No target in view!
You feel yourself speed up.
A Kiwkir, an ancient lich, a smoke demon and a sun demon come into view.
The ancient lich shouts!
The sun demon moves out of view.
The ancient lich casts a spell.
The ancient lich flickers and vanishes for a moment.
Your magic seems less tainted.
Okay, then.
You hear a shout!
There is a stone staircase leading up here.
You fly upwards.
The sentinel's mark upon you fades away.
There is a stone staircase leading down here.
Unknown command.
You hear a splatter.
Aserhuq comes into view. It is armed with a chaotic touch.
An ice devil comes into view.
The jelly barely misses the ice devil.
The jelly hits the ice devil but does no damage.
Blink to where?
Press: ? - help, Dir - move target
As you read the scroll of blinking, it crumbles to dust.
You have escaped!

#...........##
##.)..........
#...###..###.##
##.###.........
.##..###.# ##.#
#.###..........
#.#......# #.## ##.#
#.#........ ##.####..#
#..###..# #..≈...≈)..
..#...#..# ##..#..##
#.)........ ..#...#..#
#..#..# #....≈...≈.
..#...#..# ##...##
#.......... ##.####..#
#.@.# #..≈...≈...
#.#......# ##...##
#.......... .##..##..#
#..#..# ##...≈...≈.
#........# ##..#..##
#......... #..###..##
#..###..# #.≈...≈...
..###..## #.## ##.#
#......... .###..## ##.#
#.## #...≈...≈. ###..##
##.## ##.###........J
##..##
###.#########.##.≈...≈...


There were no monsters in sight!

Vanquished Creatures
  An orb of fire (Zot:1)
  A shard shrike (Zot:1)
  Parghit (Zot:4)
  Vv (Zot:3)
  A Killer Klown (Zot:4)
  Vashnia (Snake:3)
  2 golden dragons
  Jorgrun (Snake:1)
  A Hell Sentinel (D:9)
  3 electric golems
  7 tentacled monstrosities
  3 liches
  13 Orb Guardians
  3 shadow dragons
  2 sphinxes
  A quicksilver dragon (Depths:1)
  An ancient champion (Depths:3)
  The ghost of Hycrow the Slayer, an adept MiBe of Trog (Orc:2)
  An Executioner (D:6)
  3 tentacled starspawn (Abyss:3)
  6 death cobs
  4 storm dragons
  3 tengu reavers
  4 nagarajas (Snake:4)
  2 draconian monks
  Aizul (Snake:4)
  4 fire giants
  2 draconian knights
  6 frost giants
  6 draconian shifters
  A balrug (Zot:1)
  3 draconian scorchers
  An iron dragon (Depths:2)
  A draconian stormcaller (Zot:1)
  4 draconian annihilators
  6 stone giants
  24 very ugly things
  11 red draconians
  3 vampire knights
  4 yellow draconians
  A lorocyproca (D:11)
  10 white draconians
  16 starcursed masses (Abyss:3)
  8 green draconians
  7 purple draconians
  An eleionoma (Lair:2)
  11 black draconians
  4 spark wasps (Depths:3)
  Snorg (Lair:4)
  2 ettins
  2 green deaths
  8 fire dragons
  A hell beast (Depths:3)
  5 vault guards (D:13)
  Harold (Lair:2)
  5 rakshasas
  11 ice dragons
  6 hydras
  6 salamander tyrants
  A centaur warrior (D:14)
  2 spriggan air magi (Depths:3)
  2 boulder beetles
  A merfolk avatar (Lair:5)
  2 two-headed ogres
  12 anacondas
  15 naga warriors
  8 tengu warriors
  A demonic crawler (Abyss:3)
  2 deep troll shamans (Depths:2)
  3 hell hogs
  6 death yaks (Lair:5)
  3 orc high priests (Orc:2)
  10 spriggan berserkers
  A titan zombie (Depths:3)
  12 naga sharpshooters
  7 hell knights
  4 occultists
  2 soul eaters
  6 shock serpents
  A sun demon (Depths:1)
  4 skysharks
  A sixfirhy (D:8)
  5 wretched stars (Abyss:3)
  3 deep trolls
  A sea snake (Lair:5)
  7 skeletal warriors
  A spectral spark wasp (Depths:3)
  3 large abominations (Abyss:3)
  11 salamander mystics
  9 mana vipers
  A lindwurm (shapeshifter) (D:15)
  5 naga ritualists
  Pikel (D:9)
  2 lindwurms (Lair:5)
  5 necromancers
  5 orc knights
  4 orc sorcerers (Orc:2)
  5 cyclopes
  3 manticores (Lair:5)
  31 ugly things
  An oklob plant (D:10)
  15 moths of wrath
  28 salamanders
  2 kobold blastminers (Orc:2)
  A worldbinder (Abyss:3)
  34 black mambas
  3 torpor snails
  12 elephants
  A gargoyle (D:12)
  6 guardian serpents
  10 naga magi
  A titan simulacrum (Depths:3)
  12 cane toads
  12 komodo dragons
  5 rime drakes
  A freezing wraith (Depths:3)
  Psyche (D:10)
  A tormentor (Depths:2)
  An ancient zyme (Abyss:3)
  3 efreet
  5 tengu conjurers
  3 polar bears
  A wind drake (Lair:5)
  2 polar bears (shapeshifter) (D:15)
  7 trolls
  26 blink frogs
  An iron dragon simulacrum (Depths:3)
  10 dream sheep (Lair:5)
  8 hornets
  A centaur simulacrum (D:15)
  3 shadows
  7 spriggans
  5 wraiths
  8 wyverns
  3 ynoxinuls
  3 basilisks
  27 yaks
  6 humans (D:13)
  2 vampire mosquitoes (D:12)
  3 steam dragons
  A neqoxec (Abyss:3)
  Menkaure (D:6)
  6 wargs (Orc:2)
  2 acid dragons
  23 nagas
  14 water moccasins
  Duvessa (D:5)
  4 hell hounds (Abyss:3)
  16 orc warriors
  A black bear (D:6)
  2 sky beasts (D:8)
  3 small abominations (Abyss:3)
  2 laughing skulls (D:15)
  An ogre (Orc:2)
  11 centaurs
  10 wolves (Lair:5)
  A phantom (D:6)
  3 kobold brigands
  13 bullfrogs
  5 scorpions
  A glowing shapeshifter simulacrum (Depths:3)
  A gnoll sergeant (D:9)
  A wight (D:8)
  Dowan (D:5)
  2 killer bees (D:8)
  An electric eel (D:8)
  5 howler monkeys
  3 hounds
  A bombardier beetle (D:6)
  9 orc priests
  Crazy Yiuf (D:2)
  A gnoll bouda (D:7)
  2 sleepcaps
  Ijyb (D:5)
  5 hell rats (Lair:4)
  24 orc wizards
  8 adders
  5 gnolls
  11 river rats
  2 white imps
  3 dart slugs
  A ribbon worm (D:4)
  44 orcs
  6 ball pythons
  An endoplasm (D:1)
  A giant cockroach (D:1)
  6 goblins
  7 hobgoblins
  10 jackals
  11 quokkas
  10 bats
  A frilled lizard (D:3)
  13 kobolds
  22 rats
  A lurking horror (Abyss:3)
  4 starspawn tentacles (Abyss:3)
1085 creatures vanquished.

Vanquished Creatures (collateral kills)
  An Orb Guardian (D:5)
  2 hell knights (Depths:3)
  A black mamba (Snake:3)
  A gargoyle (D:9)
  A tormentor (D:5)
  A troll (D:9)
  A wraith (D:9)
  A laughing skull (D:9)
  A centaur (D:9)
  3 gnolls (D:9)
13 creatures vanquished.

Vanquished Creatures (others)
  An acid blob (Zot:2)
  A sphinx (Depths:1)
  2 azure jellies (Zot:2)
  A rockslime (Zot:2)
  A stone giant (Depths:1)
  A green draconian (Zot:1)
  An ice dragon (Depths:1)
  A great orb of eyes (Zot:2)
  2 glowing orange brains
  A naga ritualist (Snake:1)
  A large abomination (D:6)
  A salamander (Snake:4)
  2 eyes of devastation (Zot:2)
  A cane toad (Lair:3)
  A starcursed mass (Abyss:3)
  A hornet (Depths:1)
  3 glass eyes
  6 slime creatures
  A black mamba zombie (Snake:3)
  5 golden eyes (Zot:2)
  A naga (Snake:2)
  A wolf (Lair:5)
  An ogre (Orc:2)
  A bullfrog (Lair:2)
  A killer bee (D:8)
  110 jellies
  4 orc priests
  A gnoll bouda (D:9)
  A sleepcap (D:5)
  2 orc wizards (Orc:2)
  A hell rat (Lair:4)
  A naga zombie (Snake:1)
  3 adders
  2 ufetubi (D:6)
  2 dart slugs (D:1)
  13 orcs
  4 endoplasms
  2 hobgoblins (D:4)
  2 kobolds
  A quokka (D:1)
  A bat (D:1)
  5 goblins
  An orc zombie (D:13)
  A lurking horror (Abyss:3)
  4 starspawn tentacles (Abyss:3)
200 creatures vanquished.

Grand Total: 1298 creatures vanquished

Notes
Turn   | Place    | Note
-------+----------+-------------------------------------------
     0 | D:1      | p0werm0de the Minotaur Fighter began the quest for the Orb.
     0 | D:1      | Reached XP level 1. HP: 19/19 MP: 0/0
    34 | D:1      | Reached XP level 2. HP: 25/27 MP: 1/1
   276 | D:1      | Found a faded altar of an unknown god.
   318 | D:1      | Prayed at the altar of an unknown god.
   318 | D:1      | Became a worshipper of Jiyva Jyaly the Shapeless
   318 | D:1      | Reached * piety under Jiyva
   790 | D:2      | Reached XP level 3. HP: 29/33 MP: 2/2
   827 | D:2      | Reached ** piety under Jiyva
   907 | D:2      | Found Secs's General Store.
   913 | D:2      | Bought a scroll of identify for 20 gold pieces
  1002 | D:2      | Found a shadowy altar of Dithmenos.
  1136 | D:2      | Found a runed translucent door.
  1137 | D:2      | Noticed Crazy Yiuf
  1189 | D:2      | Killed Crazy Yiuf
  1190 | D:2      | Reached XP level 4. HP: 29/41 MP: 3/3
  1270 | D:3      | Found a shimmering blue altar of Sif Muna.
  1398 | D:3      | Reached *** piety under Jiyva
  1531 | D:3      | Gained mutation: You passively dampen the noise of your
                  | surroundings. [Jiyva's grace]
  1531 | D:3      | Gained mutation: You expend magic power (3 MP) to
                  | strengthen your wands. [Jiyva's grace]
  1531 | D:3      | Gained mutation: Your translucent skin slightly reduces
                  | your foes' accuracy. (Stealth+) [Jiyva's grace]
  1531 | D:3      | Gained mutation: Your translucent skin reduces your foes'
                  | accuracy. (Stealth+) [Jiyva's grace]
  1612 | D:3      | Found Coum Erchoash's Antique Armour Boutique.
  1732 | D:3      | Found a sacrificial altar of Ru.
  1885 | D:3      | Found a snail-covered altar of Cheibriados.
  2053 | D:4      | Reached **** piety under Jiyva
  2194 | D:4      | You fall into a shaft and drop 3 floors!
  2201 | D:7      | Noticed a kobold brigand
  2202 | D:7      | Noticed a kobold brigand
  2211 | D:7      | Killed a kobold brigand
  2211 | D:7      | Killed a kobold brigand
  2212 | D:7      | Reached skill level 5 in Fighting
  2212 | D:7      | Reached skill level 5 in Armour
  2212 | D:7      | Reached skill level 5 in Shields
  2212 | D:7      | Reached XP level 5. HP: 24/48 MP: 4/4
  2218 | D:7      | Reached XP level 6. HP: 41/56 MP: 5/5
  2401 | D:7      | Identified the +4 mace of Turmoil {holy, rC- rN+ Int+2
                  | Dex+4}
  2497 | D:7      | Found a runed translucent gate.
  2497 | D:7      | Found a runed translucent gate.
  2497 | D:7      | Found a runed translucent gate.
  2498 | D:7      | Noticed Ocagea Veru's ghost (novice VSEn)
  2558 | D:7      | Found a flagged portal.
  2623 | Bailey   | Entered a bailey
  2626 | Bailey   | Noticed an orc warrior
  2637 | Bailey   | Killed an orc warrior
  2638 | Bailey   | Reached XP level 7. HP: 44/62 MP: 6/6
  2681 | Bailey   | Reached skill level 5 in Axes
  2758 | Bailey   | Found the amulet of Vitality {RegenMP++ Regen++}
  2809 | Bailey   | Noticed an orc knight
  2826 | Bailey   | Killed an orc knight
  2827 | Bailey   | Reached XP level 8. HP: 61/73 MP: 7/7
  3038 | D:7      | Found a hazy altar of Hepliaklqana.
  3287 | D:7      | Found an ornate altar of the Wu Jian Council.
  3308 | D:7      | Found a hide-covered altar of Uskayaw.
  3914 | D:6      | Lost mutation: Your translucent skin reduces your foes'
                  | accuracy. (Stealth+) [Jiyva's grace]
  3914 | D:6      | Lost mutation: You expend magic power (3 MP) to strengthen
                  | your wands. [Jiyva's grace]
  3914 | D:6      | Gained mutation: Your spells are a little harder to cast,
                  | but a little more powerful. [Jiyva's grace]
  3914 | D:6      | Gained mutation: Your spells are harder to cast, but more
                  | powerful. [Jiyva's grace]
  3914 | D:6      | Gained mutation: Your spells are much harder to cast, but
                  | much more powerful. [Jiyva's grace]
  3914 | D:6      | Gained mutation: Your body has grown eyes which may confuse
                  | attackers. (Acc +3) [Jiyva's grace]
  3935 | D:6      | Noticed Menkaure
  3943 | D:6      | Killed Menkaure
  4132 | D:6      | Reached XP level 9. HP: 81/81 MP: 8/8
  4317 | D:6      | Found a staircase to the Ecumenical Temple.
  4429 | D:5      | Entered Level 5 of the Dungeon
  4455 | D:5      | Found Ciku Jen's Vocational Training.
  4603 | D:5      | Reached ***** piety under Jiyva
  4618 | D:5      | Found Tuzuiss's Armour Shop.
  4701 | D:3      | Bought a pair of runed gloves for 247 gold pieces
  5272 | D:5      | Noticed Duvessa
  5273 | D:5      | Noticed Dowan
  5277 | D:5      | Killed Duvessa
  5282 | D:5      | Killed Dowan
  5296 | D:5      | Found a glowing golden altar of the Shining One.
  5564 | D:5      | Noticed Ijyb
  5567 | D:5      | Killed Ijyb
  6180 | D:8      | Lost mutation: Your spells are much harder to cast, but
                  | much more powerful. [Jiyva's grace]
  6180 | D:8      | Lost mutation: Your spells are harder to cast, but more
                  | powerful. [Jiyva's grace]
  6180 | D:8      | Gained mutation: You have a pair of large horns on your
                  | head. [Jiyva's grace]
  6180 | D:8      | Gained mutation: Your natural rate of healing is unusually
                  | fast. [Jiyva's grace]
  6180 | D:8      | Gained mutation: You heal very quickly. [Jiyva's grace]
  6180 | D:8      | Gained mutation: You regenerate. [Jiyva's grace]
  6592 | D:8      | Noticed a two-headed ogre
  6601 | D:8      | Killed a two-headed ogre
  6602 | D:8      | Reached XP level 10. HP: 91/91 MP: 9/9
  7087 | D:9      | Reached ****** piety under Jiyva
  7198 | D:9      | Noticed Pikel
  7208 | D:9      | Killed Pikel
  7209 | D:9      | Reached skill level 10 in Armour
  7209 | D:9      | Reached skill level 10 in Shields
  7212 | D:9      | Reached skill level 10 in Fighting
  7230 | D:9      | Found a staircase to the Orcish Mines.
  7241 | D:9      | Identified the +2 falchion of Watchfulness {speed, rElec
                  | rC+ rN+}
  7255 | D:9      | Noticed a gargoyle
  7261 | D:9      | Killed a gargoyle
  7264 | D:9      | Reached skill level 10 in Axes
  7277 | D:9      | Found an iron altar of Okawaru.
  7320 | D:9      | Paralysed by a hornet for 3 turns
  7422 | D:9      | Found a stormy altar of Qazlal.
  7612 | D:9      | Noticed a boulder beetle
  7622 | D:9      | Killed a boulder beetle
  7677 | D:10     | Entered Level 10 of the Dungeon
  7690 | D:10     | Reached XP level 11. HP: 96/101 MP: 10/10
  7767 | D:10     | Lost mutation: Your spells are a little harder to cast, but
                  | a little more powerful. [Jiyva's grace]
  7767 | D:10     | Gained mutation: You are robust. (+10% HP) [Jiyva's grace]
  7767 | D:10     | Gained mutation: You are very robust. (+20% HP) [Jiyva's
                  | grace]
  7767 | D:10     | Gained mutation: You are extremely robust. (+30% HP)
                  | [Jiyva's grace]
  7767 | D:10     | Gained mutation: You possess an exceptional clarity of
                  | mind. [Jiyva's grace]
  7889 | D:10     | Found a staircase to the Lair.
  7889 | D:10     | Noticed an oklob plant
  7902 | D:10     | Killed an oklob plant
  7930 | D:10     | Noticed Psyche
  7936 | D:10     | Killed Psyche
  8704 | D:11     | Noticed a skeletal warrior
  8705 | D:11     | Noticed a skeletal warrior
  8706 | D:11     | Noticed a skeletal warrior
  8706 | D:11     | Noticed a skeletal warrior
  8814 | Lair:1   | Entered Level 1 of the Lair of Beasts
  8977 | Lair:2   | Found a staircase to the Swamp.
  8977 | Lair:2   | Noticed an eleionoma
  8989 | Lair:2   | Killed an eleionoma
  9267 | Lair:3   | Lost mutation: You have a pair of large horns on your head.
                  | [Jiyva's grace]
  9267 | Lair:3   | Lost mutation: You possess an exceptional clarity of mind.
                  | [Jiyva's grace]
  9267 | Lair:3   | Lost mutation: You regenerate. [Jiyva's grace]
  9267 | Lair:3   | Gained mutation: You regenerate. [Jiyva's grace]
  9267 | Lair:3   | Gained mutation: You have a small jelly attached to you
                  | that may absorb projectiles. [Jiyva's grace]
  9267 | Lair:3   | Gained mutation: You have very sharp teeth. [Jiyva's grace]
  9267 | Lair:3   | Gained mutation: You have extremely sharp teeth. [Jiyva's
                  | grace]
  9308 | Lair:3   | Reached XP level 12. HP: 145/145 MP: 11/11
  9997 | Lair:4   | Noticed Snorg
 10026 | Lair:4   | Killed Snorg
 10442 | Lair:5   | Entered Level 5 of the Lair of Beasts
 10442 | Lair:5   | Noticed a death yak
 10442 | Lair:5   | Noticed a death yak
 10442 | Lair:5   | Noticed a death yak
 10442 | Lair:5   | Noticed a death yak
 10442 | Lair:5   | Noticed a death yak
 10442 | Lair:5   | Noticed a death yak
 10460 | Lair:5   | Killed a death yak
 10467 | Lair:5   | Killed a death yak
 10481 | Lair:5   | Killed a death yak
 10489 | Lair:5   | Killed a death yak
 10501 | Lair:5   | Killed a death yak
 10507 | Lair:5   | Killed a death yak
 10562 | Lair:5   | Reached XP level 13. HP: 119/159 MP: 12/12
 10830 | Lair:5   | Found the ring of the Octopus King
 10895 | Lair:5   | Identified a ring of the Octopus King {rC+ HP+2 AC+2 EV+2
                  | SH+2}
 10896 | Lair:5   | Got an earthy gem with 1809 turns to spare
 11368 | Lair:5   | Reached skill level 15 in Armour
 11443 | Lair:5   | Lost mutation: You regenerate. [Jiyva's grace]
 11443 | Lair:5   | Lost mutation: Your translucent skin slightly reduces your
                  | foes' accuracy. (Stealth+) [Jiyva's grace]
 11443 | Lair:5   | Gained mutation: Your body has grown many eyes which may
                  | confuse attackers. (Acc +5) [Jiyva's grace]
 11443 | Lair:5   | Gained mutation: Your body is covered in eyes which may
                  | confuse attackers. (Acc +7, SInv) [Jiyva's grace]
 11443 | Lair:5   | Gained mutation: You have a pair of large horns on your
                  | head. [Jiyva's grace]
 11443 | Lair:5   | Gained mutation: Your spells are a little harder to cast,
                  | but a little more powerful. [Jiyva's grace]
 11477 | Lair:5   | Found a staircase to the Slime Pits.
 11477 | Lair:5   | Found a viscous altar of Jiyva.
 11501 | Lair:5   | Reached skill level 15 in Shields
 11506 | Lair:5   | Reached skill level 15 in Fighting
 11758 | Slime:1  | Entered Level 1 of the Pits of Slime
 11758 | Slime:1  | Noticed a quicksilver ooze
 11758 | Slime:1  | Noticed a quicksilver ooze
 11764 | Slime:2  | Noticed an acid blob
 11767 | Slime:3  | Noticed a quicksilver ooze
 11774 | Slime:4  | Noticed an azure jelly
 11782 | Slime:4  | Noticed an acid blob
 11785 | Slime:5  | Entered Level 5 of the Pits of Slime
 11785 | Slime:5  | Noticed a quicksilver ooze
 11805 | Slime:5  | Found a viscous altar of Jiyva.
 11805 | Slime:5  | Noticed an acid blob
 11807 | Slime:5  | Found the dreamshard necklace {Acrobat *Dream}
 11807 | Slime:5  | Noticed the Royal Jelly
 11807 | Slime:5  | Noticed a rockslime
 11808 | Slime:5  | Noticed an acid blob
 11808 | Slime:5  | Noticed a quicksilver ooze
 11808 | Slime:5  | Noticed a quicksilver ooze
 11810 | Slime:5  | Noticed a rockslime
 11810 | Slime:5  | Noticed an acid blob
 11810 | Slime:5  | Noticed an acid blob
 11811 | Slime:5  | Noticed an azure jelly
 11816 | Slime:5  | Got a starry gem with 544 turns to spare
 11819 | Slime:5  | Got a slimy rune of Zot
 11820 | Slime:5  | Identified the ring of the Silly God {Fly rN+ EV+5 Slay+3
                  | SInv}
 11823 | Slime:5  | Got the Compilation of Charnel Kinetic Energy
 11830 | Slime:5  | Identified the +9 spear "Metedi Juo" {flame, Int+2 Dex+5}
 11843 | Slime:5  | Identified the +6 quarterstaff "Alopei Jyati" {pain, rN++}
 11853 | Slime:5  | Noticed a rockslime
 11858 | Slime:5  | Noticed an acid blob
 11877 | Slime:4  | Noticed an azure jelly
 11894 | Slime:1  | Noticed an acid blob
 12011 | Lair:2   | Noticed Harold
 12026 | Lair:2   | Killed Harold
 12162 | Orc:1    | Entered Level 1 of the Orcish Mines
 12190 | Orc:1    | Reached XP level 14. HP: 175/175 MP: 13/13
 12299 | Orc:1    | Found a runed translucent door.
 12301 | Orc:1    | Noticed Ciata's ghost (journeyman MiBe)
 12497 | Orc:2    | Entered Level 2 of the Orcish Mines
 12540 | Orc:2    | Found Ovve's Antique Armour Boutique.
 12542 | Orc:2    | Paralysed by an orc sorcerer for 4 turns
 12561 | Orc:2    | Reached skill level 15 in Axes
 12566 | Orc:2    | Found Saoru's Antique Weapon Shoppe.
 12573 | Orc:2    | Paralysed by an orc sorcerer for 2 turns
 12591 | Orc:2    | Found Nimen's Armour Shoppe.
 12597 | Orc:2    | Found Nyxao's Distillery.
 12617 | Orc:2    | Bought a potion of haste for 130 gold pieces
 12617 | Orc:2    | Bought a potion of haste for 130 gold pieces
 12617 | Orc:2    | Bought 2 potions of curing for 78 gold pieces
 12617 | Orc:2    | Bought a potion of curing for 39 gold pieces
 12914 | Orc:2    | Found a bloodstained altar of Trog.
 12972 | Orc:2    | Found a transporter.
 12976 | Orc:2    | Noticed Hycrow's ghost (adept MiBe)
 13055 | Orc:2    | Found a staircase to the Elven Halls.
 13055 | Orc:2    | Found a transporter.
 13247 | Orc:2    | Killed Hycrow's ghost
 13249 | Orc:2    | Identified the +2 helmet of the Bedazzled Ladybird {rF+
                  | Str+2}
 13617 | Lair:1   | Identified the ring of Oruyz {rC+ Str-4 Int+6 Dex+3}
 14164 | Lair:2   | Found a staircase to the Snake Pit.
 14170 | Lair:2   | Lost the earthy gem through the power of Zot.
 14468 | Snake:1  | Entered Level 1 of the Snake Pit
 14468 | Snake:1  | Lost mutation: You have a pair of large horns on your head.
                  | [Jiyva's grace]
 14468 | Snake:1  | Lost mutation: You heal very quickly. [Jiyva's grace]
 14468 | Snake:1  | Lost mutation: You are extremely robust. (+30% HP) [Jiyva's
                  | grace]
 14468 | Snake:1  | Gained mutation: Your rubbery body absorbs attacks. (AC +1,
                  | EV +1) [Jiyva's grace]
 14468 | Snake:1  | Gained mutation: Your pliable body absorbs attacks. (AC +2,
                  | EV +2) [Jiyva's grace]
 14468 | Snake:1  | Gained mutation: Your gelatinous body deflects attacks. (AC
                  | +3, EV +3) [Jiyva's grace]
 14468 | Snake:1  | Gained mutation: You possess an exceptional clarity of
                  | mind. [Jiyva's grace]
 14501 | Snake:2  | Found a transporter.
 14664 | Snake:2  | Found a transporter.
 14673 | Snake:2  | Found Zonkeseb's Self-Improvement Boutique.
 15395 | Snake:1  | Reached XP level 15. HP: 174/174 MP: 14/14
 15783 | Snake:1  | Noticed Jorgrun
 15798 | Snake:1  | Killed Jorgrun
 16203 | Snake:3  | Noticed Vashnia
 16290 | Snake:3  | Lost mutation: Your natural rate of healing is unusually
                  | fast. [Jiyva's grace]
 16290 | Snake:3  | Gained mutation: Your spells are harder to cast, but more
                  | powerful. [Jiyva's grace]
 16290 | Snake:3  | Gained mutation: Your spells are much harder to cast, but
                  | much more powerful. [Jiyva's grace]
 16290 | Snake:3  | Gained mutation: Your translucent skin slightly reduces
                  | your foes' accuracy. (Stealth+) [Jiyva's grace]
 16290 | Snake:3  | Gained mutation: Your translucent skin reduces your foes'
                  | accuracy. (Stealth+) [Jiyva's grace]
 16446 | Snake:3  | Killed Vashnia
 17232 | Snake:4  | Entered Level 4 of the Snake Pit
 17310 | Snake:4  | Noticed a nagaraja
 17321 | Snake:4  | Killed a nagaraja
 17388 | Snake:4  | Reached XP level 16. HP: 175/188 MP: 15/15
 17596 | Snake:4  | Found Gonygoit's Magic Scroll Emporium.
 17619 | Snake:4  | Bought a scroll of identify for 40 gold pieces
 17619 | Snake:4  | Bought 3 scrolls of identify for 120 gold pieces
 17619 | Snake:4  | Bought a scroll of identify for 40 gold pieces
 17619 | Snake:4  | Bought a scroll of teleportation for 60 gold pieces
 17619 | Snake:4  | Bought a scroll of fog for 80 gold pieces
 17838 | Snake:4  | Identified the serpent talisman of Qipraomu {Dex+2}
 17838 | Snake:4  | Noticed Aizul
 17851 | Snake:4  | Killed Aizul
 17905 | Snake:4  | Reached skill level 1 in Evocations
 17907 | Snake:4  | Reached skill level 1 in Dodging
 18024 | Snake:4  | a salamander tyrant changed into a sphinx
 18024 | Snake:4  | Noticed a sphinx
 18031 | Snake:4  | Killed a sphinx
 18065 | Snake:4  | Got a serpentine rune of Zot
 19287 | D:11     | Lost mutation: You are very robust. (+20% HP) [Jiyva's
                  | grace]
 19287 | D:11     | Lost mutation: Your spells are much harder to cast, but
                  | much more powerful. [Jiyva's grace]
 19287 | D:11     | Lost mutation: Your body is covered in eyes which may
                  | confuse attackers. (Acc +7, SInv) [Jiyva's grace]
 19287 | D:11     | Lost mutation: Your gelatinous body deflects attacks. (AC
                  | +3, EV +3) [Jiyva's grace]
 19287 | D:11     | Lost mutation: You have a small jelly attached to you that
                  | may absorb projectiles. [Jiyva's grace]
 19287 | D:11     | Gained mutation: You are very robust. (+20% HP) [Jiyva's
                  | grace]
 19287 | D:11     | Gained mutation: You are extremely robust. (+30% HP)
                  | [Jiyva's grace]
 19287 | D:11     | Gained mutation: Armour fits poorly on your pseudopods.
                  | [Jiyva's grace]
 19287 | D:11     | Gained mutation: Armour fits poorly on your large
                  | pseudopods. [Jiyva's grace]
 19396 | D:11     | Found a shadowy altar of Dithmenos.
 19448 | D:11     | Identified the +2 leather armour of Joy {*Slow Str+4 Int+3
                  | Stlth+}
 20815 | D:13     | Found a gate to the Vaults.
 20928 | D:14     | Lost mutation: You are extremely robust. (+30% HP) [Jiyva's
                  | grace]
 20928 | D:14     | Lost mutation: Your spells are harder to cast, but more
                  | powerful. [Jiyva's grace]
 20928 | D:14     | Lost mutation: Your pliable body absorbs attacks. (AC +2,
                  | EV +2) [Jiyva's grace]
 20928 | D:14     | Gained mutation: Your body is covered in eyes which may
                  | confuse attackers. (Acc +7, SInv) [Jiyva's grace]
 20928 | D:14     | Gained mutation: You have a small jelly attached to you
                  | that senses nearby items. [Jiyva's grace]
 20928 | D:14     | Gained mutation: Your pliable body absorbs attacks. (AC +2,
                  | EV +2) [Jiyva's grace]
 20928 | D:14     | Gained mutation: Your gelatinous body deflects attacks. (AC
                  | +3, EV +3) [Jiyva's grace]
 21021 | D:14     | Reached XP level 17. HP: 198/199 MP: 16/16
 21031 | D:14     | Identified the +1 triple sword "Nedaaxem" {chaos, rCorr
                  | Str-4 Dex+4}
 21278 | D:14     | Found a sacrificial altar of Ru.
 22060 | D:15     | Entered Level 15 of the Dungeon
 22099 | D:15     | Found Ogoem's Distillery.
 22134 | D:15     | Bought a potion of heal wounds for 60 gold pieces
 22134 | D:15     | Bought a potion of heal wounds for 60 gold pieces
 22134 | D:15     | Bought a potion of heal wounds for 60 gold pieces
 22134 | D:15     | Bought a potion of resistance for 120 gold pieces
 22134 | D:15     | Bought a potion of curing for 36 gold pieces
 22143 | D:15     | Found a staircase to the Depths.
 22515 | Depths:1 | Entered Level 1 of the Depths
 22548 | Depths:1 | Noticed a sphinx
 22560 | Depths:1 | Killed a sphinx
 22672 | Depths:1 | Noticed Sojobo
 22697 | Depths:1 | Slimified Sojobo
 22697 | Depths:1 | Sojobo changed into Sojobo the acid blob
 22697 | Depths:1 | Noticed Sojobo
 22724 | Depths:1 | a stone giant changed into a quicksilver dragon
 22724 | Depths:1 | Noticed a quicksilver dragon
 22725 | Depths:1 | Killed a quicksilver dragon
 22726 | Depths:1 | Reached skill level 5 in Evocations
 22750 | Depths:1 | Identified the +6 long sword of Demand {freeze, rC+ Str+4
                  | SInv}
 23035 | Depths:1 | Found a gateway to Hell.
 23142 | Depths:2 | Lost mutation: You have extremely sharp teeth. [Jiyva's
                  | grace]
 23142 | Depths:2 | Lost mutation: Your spells are a little harder to cast, but
                  | a little more powerful. [Jiyva's grace]
 23142 | Depths:2 | Lost mutation: You have a small jelly attached to you that
                  | senses nearby items. [Jiyva's grace]
 23142 | Depths:2 | Gained mutation: Your muscles are strong. (Str +4, Int/Dex
                  | -1) [Jiyva's grace]
 23142 | Depths:2 | Gained mutation: Your muscles are very strong. (Str +8,
                  | Int/Dex -2) [Jiyva's grace]
 23142 | Depths:2 | Gained mutation: Your flesh is cold resistant. (rC+)
                  | [Jiyva's grace]
 23142 | Depths:2 | Gained mutation: Your flesh is very cold resistant. (rC++)
                  | [Jiyva's grace]
 23300 | Depths:2 | Found a one-way gate to the infinite horrors of the Abyss.
 23309 | Depths:2 | Found a one-way gateway to a ziggurat.
 23399 | Depths:2 | Reached skill level 5 in Dodging
 23450 | Depths:2 | Reached XP level 18. HP: 211/211 MP: 5/17
 23627 | Depths:2 | Found a one-way gate leading to the halls of Pandemonium.
 23946 | Depths:3 | Noticed a tentacled monstrosity
 23951 | Depths:3 | Noticed a lich
 23955 | Depths:3 | Killed a tentacled monstrosity
 23970 | Depths:3 | Killed a lich
 24029 | Depths:3 | Noticed a golden dragon
 24047 | Depths:3 | Killed a golden dragon
 24360 | Depths:3 | Noticed a lich
 24382 | Depths:3 | Killed a lich
 24762 | Depths:4 | Entered Level 4 of the Depths
 24762 | Depths:4 | Found a flickering gateway to a bazaar.
 24767 | Bazaar   | Entered a bazaar
 24767 | Bazaar   | Found Vigrooj's Antique Armour Shop.
 24767 | Bazaar   | Found Nicamifi's Armour Boutique.
 24767 | Bazaar   | Found Xafy's Jewellery Boutique.
 24767 | Bazaar   | Found Unoet's Antique Weapon Boutique.
 24767 | Bazaar   | Found Mofimmas's Antique Armour Boutique.
 24767 | Bazaar   | Found Erphan's Weapon Shop.
 24779 | Bazaar   | Bought a pair of ancient boots for 247 gold pieces
 24779 | Bazaar   | Identified the +0 pair of boots "Beseud" {rF+} (You bought
                  | it in a shop in a bazaar)
 24827 | Bazaar   | Bought a ring of protection from fire for 275 gold pieces
 24989 | Depths:4 | Found an opulent altar of Gozag.
 24990 | Depths:4 | Found a runed translucent gate.
 24991 | Depths:4 | Found a runed translucent gate.
 24991 | Depths:4 | Found a runed translucent gate.
 24991 | Depths:4 | Noticed p0werm0de's ghost (adept MiFi)
 24993 | Depths:4 | Noticed a walking crystal tome
 25027 | Depths:4 | Lost mutation: Your flesh is very cold resistant. (rC++)
                  | [Jiyva's grace]
 25027 | Depths:4 | Lost mutation: You are very robust. (+20% HP) [Jiyva's
                  | grace]
 25027 | Depths:4 | Lost mutation: Your muscles are very strong. (Str +8,
                  | Int/Dex -2) [Jiyva's grace]
 25027 | Depths:4 | Lost mutation: Armour fits poorly on your large pseudopods.
                  | [Jiyva's grace]
 25027 | Depths:4 | Gained mutation: You have acidic saliva. [Jiyva's grace]
 25027 | Depths:4 | Gained mutation: You are covered in slimy tendrils that may
                  | disarm your opponents. [Jiyva's grace]
 25027 | Depths:4 | Gained mutation: You expend magic power (3 MP) to
                  | strengthen your wands. [Jiyva's grace]
 25027 | Depths:4 | Gained mutation: Your flesh is very cold resistant. (rC++)
                  | [Jiyva's grace]
 25091 | Depths:4 | Noticed a lich
 25102 | Depths:4 | Killed a lich
 25137 | Depths:4 | Found a gate to the Realm of Zot.
 25159 | Depths:4 | Got a midnight gem with 600 turns to spare
 25225 | Depths:4 | Reached XP level 19. HP: 205/205 MP: 6/18
 25580 | Abyss:3  | Cast into level 3 of the Abyss (unwielding a weapon of
                  | distortion)
 25582 | Abyss:3  | Gained mutation: Your health recovers twice as slowly from
                  | being drained. [mutagenic glow]
 25600 | Abyss:3  | Lost mutation: Your health recovers twice as slowly from
                  | being drained. [mutagenic glow]
 25621 | Abyss:3  | Gained mutation: Armour fits poorly on your strangely
                  | shaped body. [mutagenic glow]
 25636 | Abyss:3  | Gained mutation: You occasionally lose the ability to read
                  | scrolls when taking damage. [mutagenic glow]
 25651 | Abyss:3  | Got an abyssal rune of Zot
 25652 | Abyss:3  | Gained mutation: Your spells are a little easier to cast,
                  | but a little less powerful. [mutagenic glow]
 25665 | Abyss:3  | Lost mutation: Your muscles are strong. (Str +4, Int/Dex
                  | -1) [mutagenic glow]
 25686 | Abyss:3  | Lost mutation: You are robust. (+10% HP) [mutagenic glow]
 25704 | Abyss:3  | Lost mutation: You possess an exceptional clarity of mind.
                  | [mutagenic glow]
 25866 | Abyss:3  | Noticed a pearl dragon
 25871 | Depths:4 | Escaped the Abyss
 25996 | Depths:4 | Lost mutation: Your spells are a little easier to cast, but
                  | a little less powerful. [potion of mutation]
 25996 | Depths:4 | Lost mutation: Your translucent skin reduces your foes'
                  | accuracy. (Stealth+) [potion of mutation]
 25996 | Depths:4 | Lost mutation: Your flesh is very cold resistant. (rC++)
                  | [potion of mutation]
 25997 | Depths:4 | Lost mutation: You have very sharp teeth. [potion of
                  | mutation]
 25997 | Depths:4 | Lost mutation: You occasionally lose the ability to read
                  | scrolls when taking damage. [potion of mutation]
 25997 | Depths:4 | Lost mutation: Armour fits poorly on your pseudopods.
                  | [potion of mutation]
 25997 | Depths:4 | Gained mutation: You are covered in fur. (AC +1) [potion of
                  | mutation]
 26020 | Zot:1    | Entered Level 1 of the Realm of Zot
 26026 | Zot:1    | Noticed an electric golem
 26026 | Zot:1    | Noticed an electric golem
 26034 | Zot:1    | Killed an electric golem
 26042 | Zot:1    | Killed an electric golem
 26083 | Zot:1    | Noticed a shard shrike
 26091 | Zot:1    | Killed a shard shrike
 26325 | Zot:1    | Noticed an orb of fire
 26370 | Zot:1    | Killed an orb of fire
 26482 | Zot:3    | Noticed an electric golem
 26495 | Zot:3    | Killed an electric golem
 26684 | Zot:3    | Reached XP level 20. HP: 198/198 MP: 19/19
 26710 | Zot:3    | Noticed Vv
 26712 | Zot:3    | Found a sacrificial altar of Ru.
 26729 | Zot:3    | Killed Vv
 26778 | Zot:4    | Noticed a golden dragon
 26791 | Zot:4    | a golden dragon changed into a sphinx
 26846 | Zot:4    | Noticed a Killer Klown
 26857 | Zot:4    | Lost mutation: Armour fits poorly on your strangely shaped
                  | body. [Jiyva's grace]
 26857 | Zot:4    | Gained mutation: You have a small jelly attached to you
                  | that senses nearby items. [Jiyva's grace]
 26857 | Zot:4    | Gained mutation: You are agile. (Dex +4, Str/Int -1)
                  | [Jiyva's grace]
 26857 | Zot:4    | Gained mutation: You are very agile. (Dex +8, Str/Int -2)
                  | [Jiyva's grace]
 26857 | Zot:4    | Gained mutation: Your mind is acute. (Int +4, Str/Dex -1)
                  | [Jiyva's grace]
 26871 | Zot:4    | Killed a Killer Klown
 26988 | Zot:4    | Noticed Parghit
 27014 | Zot:4    | Killed Parghit
 27060 | Zot:5    | Entered Level 5 of the Realm of Zot
 27200 | Zot:5    | Noticed a golden dragon
 27218 | Zot:5    | Killed a golden dragon
 27385 | Zot:5    | Reached skill level 10 in Evocations
 27447 | Zot:5    | Paralysed by a Zot trap for 3 turns
 27458 | Zot:5    | Noticed a Killer Klown
 27478 | Zot:5    | Noticed a dread lich
 27508 | Zot:5    | Noticed an orb of fire
 27508 | Zot:5    | Noticed an orb of fire
 27509 | Zot:5    | Noticed an orb of fire
 27516 | Zot:5    | Lost mutation: You are covered in slimy tendrils that may
                  | disarm your opponents. [an orb of fire]
 27523 | Zot:5    | Got the Orb of Zot
 27749 | Depths:2 | Noticed Qamupol the pandemonium lord
 28092 | D:6      | Noticed Gaawk the pandemonium lord
 28210 | D:2      | Noticed Kiwkir the pandemonium lord
 28210 | D:2      | Noticed an ancient lich
 28234 | D:1      | Noticed Aserhuq the pandemonium lord
 28240 | D:$      | Escaped with the Orb!

Illustrated notes

Levels and vault maps discovered:
D:1:      dpeg_arrival_simpleton_a, layout_basic, basic_ecumenical_altar,
          serial_curves, eino_curves_02, eino_curves_01, kennysheep_crisscross,
          minmay_vboxes
D:2:      layout_rooms, basic_altar, serial_shops, shop_fountains,
          uniq_crazy_yiuf_cottage
D:3:      layout_basic, pf_just_have_faith, nicolae_overflow_hidden_temple,
          serial_shops, nicolae_shop_hallway_plus, chequers_avenue,
          minmay_misc_feat_hallway, minmay_tree_intersection
D:4:      layout_loops_corners
D:5:      lemuel_ratsnest, layout_cave_pools, nicolae_overflow_crystal_walls,
          serial_shops, nicolae_diamond_shop, nicolae_shop_vocational,
          uniq_duvessa, uniq_ijyb
D:6:      nicolae_cairo_tiling, layout_basic, minmay_temple_entry_nine_rooms,
          uniq_menkaure
D:7:      layout_layer_cave, mainiacjoe_overflow_catwalk_spiral,
          nzn_hepliaklqana_mist_gate, gammafunk_ghost_nasty_kobolds,
          enter_bailey_5
D:8:      layout_loops_corners, minmay_statues_item, serial_bayou_pond_b,
          kennysheep_opposing_triangles
D:9:      layout_small_grid, nicolae_qazlal_style_of_elements, okawaru_trees_1,
          orc_0_dummy, wad_scary_box, uniq_pikel
D:10:     old_forge, layout_loops_corners, dpeg_oklobed_lair, uniq_psyche
D:11:     layout_roguey, grunt_dithmenos_smoke_and_mirrors
D:12:     layout_loops_corners, drop_trap
D:13:     layout_stronghold, ximxim_vaults_locker_room, serial_rivers,
          chequers_serial_rivers_large_a, chequers_serial_rivers_marsh,
          chequers_serial_rivers_room_a, chequers_serial_rivers_small_b,
          lemuel_flamethrower_2
D:14:     layout_basic, chequers_mini_garden, nicolae_ru_the_path_less_chosen
D:15:     hangedman_depths_entry_civil_slaughter, layout_rooms, serial_shops,
          shop
Lair:1:   layout_long_grid
Lair:2:   layout_chaotic_city, alex1729_swamp_entry_worm_eleionoma,
          minmay_snake_entry_spellcaster, lemuel_fruit_fields, uniq_harold
Lair:3:   layout_cave_pods, st_stairs_6, pond
Lair:4:   layout_layer_cave, minmay_stone_trees_medium, minivault_24,
          st_stairs_10, uniq_snorg
Lair:5:   gammafunk_lair_ancient_temple, layout_cave_pods, slime_entry_1,
          dreamdust_mushroom_princess, chequers_serial_rivers_room_a
Snake:1:  layout_cave_pods, evilmike_ambush [evilmike_ambush_outer_pillars,
          evilmike_ambush_inner_pond], uniq_jorgrun
Snake:2:  gammafunk_its_a_trap, layout_basic, nicolae_shop_self_help
Snake:3:  cheibrodos_snake_lava_hold, layout_grid_maze, drop_trap, uniq_vashnia
Snake:4:  grunt_snake_rune_pools, layout_basic, serial_shops,
          nicolae_shop_window_shopping, uniq_aizul
Slime:1:  layout_caves
Slime:2:  layout_caves
Slime:3:  layout_caves
Slime:4:  layout_caves
Slime:5:  slime_pit
Orc:1:    layout_caves, gammafunk_ghost_grave
Orc:2:    st_orc_elflike, layout_caves, gammafunk_ghost_berserking_beasts,
          basic_altar, nicolae_orc_quarried_blocks
Depths:1: layout_cross, hellmouth_1, chequers_serial_rivers_micro_b,
          minmay_starry_boxes, uniq_sojobo
Depths:2: hellmonk_crumbling_castle, layout_cave_pools, enter_ziggurat_f,
          rand_demon_pan_entry_7, abyss_entry, grunt_hell_entry_dis_grunt
Depths:3: dreamdust_tengu_aerie, layout_cave_shapes, grunt_mini_vestibule,
          abyss_entry, nicolae_twisting_strands, infiniplex_staircase_zigzag_1
Depths:4: grunt_zot_entry_alcove, layout_basic, wad_floor_pattern_2,
          serial_shops, freezing_bzr, hell_entry, ebering_ghost_gozag
Zot:1:    layout_basic, ebering_ghost_reflecting_pool,
          regret_index_zotdec_abyssal_star_handed, hangedman_zot_spectrum
Zot:2:    layout_misc_corridors, gammafunk_ghost_ooze, grunt_ministairs_15,
          st_stairs_11, hangedman_zot_decor_unnerving_road
Zot:3:    layout_basic, basic_altar, lemuel_elevator, uniq_vv
Zot:4:    layout_gridlike, regret_index_zotdec_banners, uniq_parghit
Zot:5:    layout_concentric_octagons

Skill      XL: |  1  2  3  4  5  6  7  8  9 10 11 12 13 14 15 16 17 18 19 20 |
---------------+-------------------------------------------------------------+-----
Shields        | 4 5 7 8 9 10 12 13 15 16 17 18 19 20 21 | 21.8
Fighting       | 4 5 7 9 10 12 13 15 16 17 18 19 20 21 | 21.8
Armour         | 4 5 7 8 9 10 12 13 15 16 17 18 19 20 21 | 21.8
Axes           | 3 4 6 7 9 10 12 13 14 16 17 18 19 20 21 | 21.6
Evocations     | 3 5 7 9 10 | 10.3
Dodging        | 2 5 6 8 9 |  9.1

Action                     |  1- 3 |  4- 6 |  7- 9 | 10-12 | 13-15 | 16-18 | 19-21 || total
---------------------------+-------+-------+-------+-------+-------+-------+-------++-------
  Melee: War axe           |    58 |    33 |       |       |       |       |       ||    91
         Headbutt          |     6 |     5 |    68 |   193 |   308 |   371 |   228 ||  1179
         Whip              |       |     8 |   359 |   584 |   403 |       |       ||  1354
         Bite              |       |       |       |    45 |   154 |   223 |   125 ||   547
         Broad axe         |       |       |       |     7 |   632 |  1137 |   696 ||  2472
         Pseudopods        |       |       |       |       |       |   272 |    28 ||   300
  Throw: Dart              |       |       |     4 |     1 |       |       |       ||     5
 Invoke: Oozemancy         |       |     2 |     1 |     1 |     4 |     6 |     8 ||    22
         Slimify           |       |       |       |       |       |     1 |     1 ||     2
  Evoke: Wand              |       |       |       |     2 |       |     1 |       ||     3
    Use: Scroll            |       |     7 |     4 |     5 |    10 |    10 |     8 ||    44
         Potion            |       |     1 |       |       |     4 |     3 |    12 ||    20
   Stab: Confused          |       |       |     3 |     5 |    27 |    32 |    35 ||   102
         Paralysed         |       |       |       |       |     2 |     1 |     2 ||     5
         Petrifying        |       |       |       |       |     3 |     4 |       ||     7
         Petrified         |       |       |       |       |     3 |     3 |       ||     6
         Distracted        |       |       |       |       |     1 |     3 |       ||     4
         Held in net/web   |       |       |       |       |       |     2 |       ||     2
 Armour: Scale mail        |    58 |    27 |    16 |       |       |       |       ||   101
         Plate armour      |       |       |    17 |       |       |       |       ||    17
         Crystal plate arm |       |       |   292 |   569 |   833 |   331 |       ||  2025
         Gold dragon scale |       |       |       |       |       |   114 |   402 ||   516
  Dodge: Dodged            |    32 |    31 |    60 |   129 |   359 |   388 |   331 ||  1330
  Block: Buckler           |    25 |    12 |    64 |   142 |   343 |       |       ||   586
         Kite shield       |       |       |       |       |   212 |   697 |   501 ||  1410
